 Dungeon Crawl Stone Soup version 0.29.1-13-g9f3cf754e1 (webtiles) character file.

Game seed: 9965454728565651223

31 ChrisAssaf the Magician (level 3, -3/25 HPs)
             Began as a Djinni Necromancer on Feb 1, 2023.
             Killed by nerve-wracking pain
             ... invoked by Jessica
              (9 damage)
             ... on level 3 of the Dungeon.
             The game lasted 00:07:20 (1672 turns).

ChrisAssaf the Magician (Djinni Necromancer)        Turns: 1672, Time: 00:07:22

Health: -3/25      AC:  2    Str:  7    XL:     3   Next: 40%
Gold:   140        EV: 12    Int: 18    God:
                   SH:  0    Dex: 13

rFire   + + .      SeeInvis .   (no weapon)
rCold   x . .      Faith    .   (no shield)
rNeg    . . .      Spirit   .   a - +0 robe
rPois   ∞          Reflect  .   (no helmet)
rElec   .          Harm     .   (no cloak)
rCorr   .          Rampage  .   (no gloves)
Will    .....                   (boots unavailable)
Stlth   ++........              c - amulet of the acrobat
HPRegen 0.08/turn               (no ring)
MPRegen 0.00/turn               (no ring)

@: flying
A: sickness immunity, fire resistance 2, cold vulnerability 1, float, innate
caster, HP casting, extra vitality 1
a: no special abilities


You were on level 3 of the Dungeon.
You visited 1 branch of the dungeon, and saw 3 of its levels.

You collected 140 gold pieces.

Inventory:

Missiles
 f - 3 javelins
 g - 3 boomerangs (quivered)
 h - 5 poisoned darts
Armour
 a - a +0 robe (worn)
Jewellery
 c - an amulet of the acrobat (around neck)
Scrolls
 e - a scroll of magic mapping {unknown}


   Skills:
 * Level 0.3 Throwing
 * Level 0.4 Armour
 * Level 2.3 Dodging
 * Level 1.7 Stealth
 * Level 3.8 Spellcasting


You couldn't memorise any spells.
You knew the following spells:

 Your Spells              Type           Power      Damage    Failure   Level
a - Necrotise             Necr           68%        1d7       3%          1
b - Vampiric Draining     Necr           17%        2d7       10%         3
c - Animate Dead          Necr           17%        N/A       30%         4
d - Agony                 Necr           17%        N/A       65%         5
e - Foxfire               Conj/Fire      68%        2x1d7     3%          1
Your spell library was empty.

Dungeon Overview and Level Annotations

Branches:
Dungeon (3/15)

Altars:
Yredelemnul

Annotations:
D:3 Jessica


Innate Abilities, Weirdness & Mutations

You are immune to sickness and miasma.
You are immune to poison.
Your flesh is very heat resistant. (rF++)
You are vulnerable to cold. (rC-)
You float through the air rather than walking.
You learn spells naturally, not from books.
Your magical power is your life essence.
You have superior vitality. (+4 MHP)


Message History

f - 2 javelins
f - 3 javelins (gained 1) Key pressed, stopping travel.
Jessica shouts!
You hear a shout!
An orc comes into view. It is wielding a +0 flail.
Jessica looks very angry.
Throw: 4 boomerangs
Press: ? - help, Q - select action, (/) - cycle Shift-Dir - straight line, f - Jessica
Aim: Jessica, wielding a +0 club and wearing a +0 robe (56% to hit)
You throw a boomerang. The boomerang hits Jessica.
Jessica is moderately wounded.
Jessica gestures wildly while chanting.
Jessica seems to speed up.
You hear a shout!
Throw: 4 boomerangs
Press: ? - help, Q - select action, (/) - cycle Shift-Dir - straight line, f/p - Jessica
Aim: Jessica, wielding a +0 club and wearing a +0 robe (moderately wounded, fast, 56% to hit)
You throw a boomerang. The boomerang hits Jessica.
Jessica is heavily wounded.
Jessica gestures at you while chanting. Pain shoots through your body!
Ouch! That really hurt!
Jessica gestures at you while chanting. Pain shoots through your body!
* * * LOW HITPOINT WARNING * * *
You aren't carrying any potions.
Unknown command.
Jessica casts a spell.
Jessica blinks!
Jessica completely misses you. Jessica attacks as you move away!
Jessica completely misses you.
Jessica mumbles some strange words.
Jessica blinks!
As you read the scroll labelled UMIPNABBEA, it crumbles to dust.
You hear a loud clanging noise!
It was a scroll of noise.
You hear a shout! x2
Jessica casts a spell at you. Pain shoots through your body!
You die...

....# #....+
###....###..
#...........
######......)....
#................
#................
#<†.@............
#.@..............
#..............#
#####.....####...
#.....# #.....#
#.....# #.....#
#.....#


You could see Jessica (fast).

Vanquished Creatures
  2 orcs (D:2)
  A ball python (D:3)
  4 endoplasms
  A giant cockroach (D:1)
  3 goblins
  5 hobgoblins
  2 jackals (D:2)
  A kobold (D:2)
  A quokka (D:3)
  A frilled lizard (D:2)
  2 rats
23 creatures vanquished.

Notes
Turn   | Place    | Note
-------+----------+-------------------------------------------
     0 | D:1      | ChrisAssaf the Djinni Necromancer began the quest for the
                  | Orb.
     0 | D:1      | ChrisAssaf set off with the following spells memorised:
                  | Necrotise, Vampiric Draining, Animate Dead, Agony.
     0 | D:1      | Reached XP level 1. HP: 15/15 MP: 0/0
   614 | D:1      | Reached XP level 2. HP: 10/21 MP: 0/0
   973 | D:2      | Found a basalt altar of Yredelemnul.
  1428 | D:2      | Reached XP level 3. HP: 22/25 MP: 0/0
  1428 | D:2      | Learned a level 1 spell: Foxfire
  1653 | D:3      | Noticed Jessica
  1672 | D:3      | Killed from afar by Jessica

Illustrated notes

Levels and vault maps discovered:
D:1:      wander_arrival_desolate, layout_basic, serial_glass, glass_columns_a,
          glass_columns_b, glass_columns_b, glass_columns_a, glass_columns_b,
          glass_columns_a
D:2:      layout_loops_ring, basic_altar, guppyfry_early_orc_mine
D:3:      layout_basic, shapermc_ecumenical_altar_petra, uniq_robin,
          uniq_natasha, uniq_jessica, uniq_grinder

Action                   || total
-------------------------++-------
Melee: Unarmed           ||     2
Throw: Javelin           ||    14
       Boomerang         ||     4
 Cast: Necrotise         ||    31
       Vampiric Draining ||     3
  Use: Scroll            ||     4
Armor: Robe              ||     5
Dodge: Dodged            ||    24
